 Dungeon Crawl Stone Soup version 0.26.1-10-gdfb7c7de75 (webtiles) character file.

Game seed: 5214487197785881249

2580 narisevanipa the Carver (level 9, -5/118 HPs)
             Began as a Minotaur Berserker on Apr 3, 2021.
             Was an Elder of Trog.
             Slain by Joseph
             ... wielding a +0 quarterstaff
              (7 damage)
             ... on level 7 of the Dungeon.
             The game lasted 00:18:22 (6749 turns).

narisevanipa the Carver (Minotaur Berserker)        Turns: 6749, Time: 00:18:22

Health: -5/118     AC: 10    Str: 25    XL:     9   Next: 32%
Magic:  8/8        EV: 12    Int:  4    God:    Trog [****..]
Gold:   304        SH:  3    Dex: 12    Spells: 8/8 levels left

rFire    + . .     SeeInvis +   b - +0 scimitar
rCold    x . .     Faith    .   o - +0 buckler of Responsibility {Harm +Fly Dex+2}
rNeg     . . .     Spirit   .   k - +0 ring mail
rPois    .         Reflect  .   (helmet restricted)
rElec    .         Harm     +   I - +0 cloak
rCorr    .         Rampage  .   H - +0 pair of gloves
Will     .....                  l - +0 pair of boots
Stlth    ..........             (no amulet)
HPRegen  0.29/turn              u - ring of see invisible
MPRegen  0.11/turn              D - ring of fire

@: berserking, very quick
A: retaliatory headbutt, horns 2
a: Renounce Religion, Evoke Flight, Berserk, Trog's Hand, Brothers in Arms


You were on level 7 of the Dungeon.
You worshipped Trog.
Trog was greatly pleased with you.
You visited 1 branch of the dungeon, and saw 7 of its levels.
You also visited: Sewer.

You collected 304 gold pieces.

Inventory:

Hand Weapons
 a - a +0 falchion
 b - a +0 scimitar (weapon)
 c - a +0 hunting sling
 E - a +3 quarterstaff of chaos
 F - a +2 whip of freezing
Armour
 k - a +0 ring mail (worn)
 l - a +0 pair of boots (worn)
 o - the +0 buckler of Responsibility (worn) {Harm +Fly Dex+2}
   (You found it on level 6 of the Dungeon)

   It affects your dexterity (+2).
   It lets you fly.
   It increases damage dealt and taken.
 H - a +0 pair of gloves (worn)
 I - a +0 cloak (worn)
Jewellery
 u - a ring of see invisible (left hand)
 D - a ring of fire (right hand)
Wands
 h - a wand of polymorph (8)
Scrolls
 e - 11 scrolls of identify
 g - 2 scrolls of blinking
 m - 3 scrolls of remove curse
 q - 5 scrolls of teleportation
 z - a scroll of fog
 C - a scroll of immolation
Potions
 d - a potion of lignification {unknown}
 f - 2 potions of heal wounds {unknown}
 i - 2 potions of berserk rage {unknown}
 j - a potion of might {unknown}
 n - 3 potions of flight {unknown}
 p - a potion of invisibility {unknown}
 r - 7 potions of curing
 t - 3 potions of resistance {unknown}
 x - 3 potions of attraction {unknown}
 B - 2 potions of cancellation {unknown}
 J - a potion of brilliance


   Skills:
 + Level 7.3 Fighting
 + Level 10.5 Long Blades
 + Level 7.8 Armour
 + Level 5.1 Dodging
 + Level 1.9 Stealth


You had 8 spell levels left.
You didn't know any spells.
Your spell library was empty.

Dungeon Overview and Level Annotations

Branches:
Dungeon (7/15)             Temple (0/1) D:5           Sewer (visited)

Altars:
Elyvilon
Fedhas
Gozag
Hepliaklqana
Kikubaaqudgha
Nemelex Xobeh
Vehumet
Yredelemnul

Annotations:
D:7 Joseph


Innate Abilities, Weirdness & Mutations

You reflexively headbutt those who attack you in melee.
You have a pair of horns on your head.


Message History

The orc warrior freezes you.
* * * LOW HITPOINT WARNING * * *
Your shield and ring mail prevent you from hitting the orc.
You headbutt the orc!
You kill the orc!
Trog accepts your kill.
The orc warrior hits you from afar with a +1 trident of freezing!
* * * LOW HITPOINT WARNING * * *
The orc warrior freezes you.
* * * LOW HITPOINT WARNING * * *
The orc hits you but does no damage. The orc priest misses you.
You furiously retaliate!
You headbutt the orc priest!
You kill the orc priest!
Trog accepts your kill.
Things that are here:
a +0 war axe; an orc corpse You barely miss the orc warrior.
Joseph unwields a +0 hunting sling.
Joseph wields a +0 quarterstaff.
Joseph hits you with a +0 quarterstaff.
You die...

#...........# #.#### .#
#..##....#.###[...##
..#
#...#......#.......#
#..#
#....(.....(..<.#..
#..##...?...##(.......#
#..........((o(#.....##
...$......##..##..####
##..o@.###.######
#..)@####### #..o)...#
#.......# #........#
#.....#.## ##...####
#####


You could see Joseph, an orc warrior and an orc.

Vanquished Creatures
  Pikel (D:5)
  Grinder (D:6)
  Sigmund (D:4)
  Menkaure (D:5)
  A water moccasin (D:6)
  5 centaurs
  4 bullfrogs
  5 wights (D:6)
  A howler monkey (D:5)
  4 hounds
  A jelly (D:6)
  3 orc priests
  An orc wizard (D:5)
  Crazy Yiuf (D:5)
  A centaur skeleton (D:6)
  An iguana (D:6)
  A bullfrog skeleton (D:4)
  4 worker ants
  6 adders
  A white imp (D:5)
  An ooze (D:1)
  4 worms
  A dart slug (D:2)
  5 leopard geckos
  13 orcs
  11 giant cockroaches
  7 hobgoblins
  4 quokkas
  4 ball pythons
  4 bats
  10 frilled lizards
  6 goblins
  A jackal skeleton (D:4)
  6 kobolds
  A quokka skeleton (D:4)
  6 rats
  A spectral orc (D:2)
129 creatures vanquished.

Vanquished Creatures (others)
  4 fungi (D:5)
  2 plants (D:2)
6 creatures vanquished.

Grand Total: 135 creatures vanquished

Notes
Turn   | Place    | Note
-------+----------+-------------------------------------------
     0 | D:1      | narisevanipa the Minotaur Berserker began the quest for the
                  | Orb.
     0 | D:1      | Reached XP level 1. HP: 19/19 MP: 0/0
   163 | D:1      | Reached XP level 2. HP: 27/27 MP: 1/1
   467 | D:1      | Reached skill level 4 in Long Blades
   949 | D:2      | Reached XP level 3. HP: 26/34 MP: 2/2
   994 | D:2      | Reached ** piety under Trog
  1072 | D:2      | Reached XP level 4. HP: 22/41 MP: 3/3
  1429 | D:2      | Found a blossoming altar of Fedhas.
  1655 | D:2      | Found a basalt altar of Yredelemnul.
  1733 | D:3      | Found a sparkling altar of Nemelex Xobeh.
  1978 | D:3      | Found a white marble altar of Elyvilon.
  2224 | D:4      | Reached skill level 5 in Long Blades
  2226 | D:4      | Noticed Sigmund
  2237 | D:4      | Killed Sigmund
  2238 | D:4      | Reached skill level 5 in Fighting
  2238 | D:4      | Reached skill level 6 in Long Blades
  2238 | D:4      | Reached XP level 5. HP: 29/48 MP: 4/4
  2238 | D:4      | Reached XP level 6. HP: 34/56 MP: 5/5
  2357 | D:4      | Found a glowing drain.
  2382 | Sewer    | Entered a sewer
  2616 | Sewer    | Reached *** piety under Trog
  2617 | Sewer    | Reached skill level 1 in Stealth
  3029 | D:4      | Found a radiant altar of Vehumet.
  3304 | D:4      | Reached XP level 7. HP: 55/61 MP: 6/6
  3516 | D:5      | Entered Level 5 of the Dungeon
  3665 | D:5      | Reached skill level 7 in Long Blades
  3907 | D:5      | Found a hazy altar of Hepliaklqana.
  4063 | D:5      | Found a staircase to the Ecumenical Temple.
  4133 | D:5      | Noticed Pikel
  4151 | D:5      | Killed Pikel
  4152 | D:5      | Reached skill level 8 in Long Blades
  4152 | D:5      | Reached XP level 8. HP: 58/70 MP: 7/7
  4380 | D:5      | Found an opulent altar of Gozag.
  4528 | D:5      | Noticed Menkaure
  4546 | D:5      | Killed Menkaure
  5026 | D:5      | Found a runed translucent door.
  5027 | D:5      | Noticed Crazy Yiuf
  5032 | D:5      | Killed Crazy Yiuf
  5245 | D:6      | Reached skill level 9 in Long Blades
  5662 | D:6      | Reached XP level 9. HP: 57/78 MP: 8/8
  5706 | D:6      | Reached skill level 5 in Dodging
  6144 | D:6      | Found an ancient bone altar of Kikubaaqudgha.
  6176 | D:6      | Noticed Grinder
  6208 | D:6      | Killed Grinder
  6209 | D:6      | Reached skill level 10 in Long Blades
  6357 | D:6      | Got a fine buckler
  6363 | D:6      | Identified the +0 buckler of Responsibility {Harm +Fly
                  | Dex+2} (You found it on level 6 of the Dungeon)
  6711 | D:7      | Noticed Joseph
  6724 | D:7      | Reached **** piety under Trog
  6746 | D:7      | HP: 2/118 [orc warrior/+1 trident of freezing (4)]
  6749 | D:7      | Slain by Joseph

Illustrated notes

Levels and vault maps discovered:
D:1:      wheals_arrival_shading, layout_loops_ring, st_stairs_3
D:2:      layout_rooms, yredelemnul_forgotten_temple_becter, fedhas_altar_1
D:3:      layout_basic, lemuel_crystal_altar, chequers_hall_statues_wall_a,
          elyvilon_altar_5
D:4:      minmay_spotlight, layout_basic, lemuel_doored_altar,
          gup_sewer_entry_glass, uniq_sigmund
D:5:      wad_pebble_path, layout_basic, old_standard_altar, marbit_many_paths,
          minmay_temple_entry_glassed_door, chequers_arboretum, uniq_pikel,
          uniq_crazy_yiuf_cottage, uniq_menkaure
D:6:      layout_cave_pods, kiku_gazebo_pond_becter, uniq_grinder
D:7:      layout_cave_pools, uniq_joseph

Skill      XL: |  1  2  3  4  5  6  7  8  9 |
---------------+----------------------------+-----
Fighting       | 4 5 6 7 |  7.3
Long Blades    | 4 6 8 9 10 | 10.5
Armour         | 3 4 6 7 |  7.8
Dodging        | 3 4 5 |  5.1
Stealth        | 1 |  1.9

Action                   |  1- 3 |  4- 6 |  7- 9 || total
-------------------------+-------+-------+-------++-------
Melee: Falchion          |    66 |   143 |   156 ||   365
       Headbutt          |    14 |    28 |    54 ||    96
       Scimitar          |       |       |    49 ||    49
Invok: Berserk           |       |     1 |     1 ||     2
  Use: Scroll            |       |     6 |     8 ||    14
       Potion            |       |     2 |       ||     2
Armor: Animal skin       |    11 |       |       ||    11
       Ring mail         |    19 |    61 |    67 ||   147
Dodge: Dodged            |    57 |    76 |   122 ||   255
Block: Buckler           |       |       |     3 ||     3
       Rpst.: Falchion   |    16 |    19 |    22 ||    57
       Scimitar          |       |       |    11 ||    11
